 Dungeon Crawl Stone Soup version 0.25-a0-292-gaa31f046c4 (webtiles) character file.

Game seed: 13895247225455438527, levelgen mode: deterministic

139503 MoonlitKnight the Executioner (level 17, -1/156 HPs)
             Began as a Hill Orc Fighter on Dec 14, 2019.
             Was the Champion of Beogh.
             Slain by MoonlitKnight's illusion (illusionary) (38 damage)
             ... woven by Mara
             ... on level 4 of the Snake Pit on Dec 15, 2019.
             The game lasted 02:33:24 (37339 turns).

MoonlitKnight the Executioner (Hill Orc Fighter)   Turns: 37339, Time: 02:33:25

Health: -1/156     AC: 25    Str: 26    XL:     17   Next: 28%
Magic:  29/29      EV: 10    Int: 12    God:    Beogh [******]
Gold:   2624       SH:  0    Dex:  8    Spells: 16/16 levels left

rFire    . . .     SeeInvis +   a - +9 executioner's axe of Destruction {chop, rN+ Dex-2 SInv}
rCold    . . .     Gourm    .   (shield currently unavailable)
rNeg     + + .     Faith    .   n - +0 pearl dragon scales
rPois    +         Spirit   .   P - +0 helmet "Tenupuyr" {Int+4} (curse)
rElec    .         Reflect  .   (no cloak)
rCorr    .         Harm     .   L - +0 pair of gloves (curse)
MR       +....                  m - +0 pair of boots
Stlth    ..........             K - amulet of the acrobat
HPRegen  0.36/turn              X - +4 ring of protection
MPRegen  0.21/turn              R - ring of poison resistance

@: no status effects
A: walk on water
a: Smiting, Recall Orcish Followers, Give Item to Named Follower, Resurrection,
Renounce Religion


You were on level 4 of the Snake Pit.
You worshipped Beogh.
Beogh was exalted by your worship.
You were not hungry.

You visited 4 branches of the dungeon, and saw 27 of its levels.
You also visited: Ossuary and Bailey.

You collected 3229 gold pieces.
You spent 605 gold pieces at shops.

Inventory:

Hand Weapons
 a - the +9 executioner's axe of Destruction (weapon) {chop, rN+ Dex-2 SInv}
   (You acquired it on level 14 of the Dungeon)

   It inflicts extra damage upon your enemies.
   It affects your dexterity (-2).
   It protects you from negative energy.
   It lets you see invisible.
 b - a +5 battleaxe of flaming
 I - a +3 spear
 V - a +4 trident
Missiles
 v - 7 silver javelins (quivered)
 G - 6 throwing nets
Armour
 m - a +0 pair of boots (worn)
 n - +0 pearl dragon scales (worn)
 L - a cursed +0 pair of gloves (worn)
 P - the cursed +0 helmet "Tenupuyr" (worn) {Int+4}
   (You bought it in a shop on level 8 of the Dungeon)

   It affects your intelligence (+4).
   It has a curse placed upon it.
Jewellery
 u - an uncursed ring of see invisible
 K - an amulet of the acrobat (around neck)
 Q - an uncursed ring of protection from fire
 R - a ring of poison resistance (right hand)
 X - a +4 ring of protection (left hand)
Wands
 C - a wand of disintegration (23)
 H - a wand of acid (28)
 J - a wand of enslavement (18)
 O - a wand of paralysis (8)
Scrolls
 c - 2 scrolls of summoning
 e - 8 scrolls of immolation
 g - 5 scrolls of enchant weapon
 h - a scroll of fear
 k - 8 scrolls of enchant armour
 l - 13 scrolls of teleportation
 o - 17 scrolls of remove curse
 p - 3 scrolls of fog
 q - 2 scrolls of amnesia
 r - 5 scrolls of vulnerability
 t - 3 scrolls of magic mapping
 y - 2 scrolls of blinking
 D - 5 scrolls of identify
 U - a scroll of silence
Potions
 d - 4 potions of might
 i - 5 potions of magic
 j - a potion of experience
 s - 5 potions of flight
 w - 6 potions of lignification
 x - 6 potions of haste
 z - 7 potions of curing
 A - 5 potions of berserk rage
 B - 2 potions of cancellation
 E - 3 potions of agility
 F - 3 potions of mutation
 M - 3 potions of heal wounds
 N - 3 potions of brilliance
 S - a potion of invisibility
 Y - 2 potions of resistance
Miscellaneous
 T - a lightning rod (4/4)
Comestibles
 f - 47 rations


   Skills:
 - Level 15.0 Fighting
 + Level 22.3 Axes
 - Level 15.0 Armour
   Level 9.4 Shields
 + Level 16.7 Invocations


You had 16 spell levels left.
You didn't know any spells.
Your spell library contained the following spells:

 Spells                   Type           Power        Failure   Level  Hunger
 Confusing Touch          Hex            #.....       56%         1    ##.....
 Magic Dart               Conj           #...         56%         1    ##.....
 Shock                    Conj/Air       #...         56%         1    ##.....
 Poisonous Vapours        Pois/Air       #.....       71%         2    ###....
 Searing Ray              Conj           #.....       71%         2    ###....
 Swiftness                Chrm/Air       #.......     71%         2    ###....
 Confuse                  Hex            #.......     90%         3    ####...
 Conjure Flame            Conj/Fire      #.......     90%         3    ####...
 Dazzling Flash           Conj/Hex       #.....       90%         3    ####...
 Gell's Gravitas          Tloc           #.........   90%         3    ####...
 Mephitic Cloud           Conj/Pois/Air  #.......     90%         3    ####...
 Static Discharge         Conj/Air       #.......     90%         3    ####...
 Airstrike                Air            #.........   100%        4    #####..
 Fulminant Prism          Conj/Hex       #.........   100%        4    #####..
 Hailstorm                Conj/Ice       #.......     100%        4    #####..
 Iskenderun's Mystic Bla  Conj/Tloc      #.......     100%        4    #####..
 Petrify                  Tmut/Erth      #.......     100%        4    #####..
 Lightning Bolt           Conj/Air       #.........   100%        5    ######.
 Metabolic Englaciation   Hex/Ice        #.........   100%        5    ######.
 Yara's Violent Unravell  Hex/Tmut       #.........   100%        5    ######.
 Freezing Cloud           Conj/Ice/Air   #.........   100%        6    #######
 Ozocubu's Refrigeration  Ice            #.........   100%        6    #######
 Malign Gateway           Summ/Tloc      #.........   100%        7    #######
 Monstrous Menagerie      Summ           #.........   100%        7    #######
 Ring of Flames           Chrm/Fire      #.........   100%        7    #######
 Summon Greater Demon     Summ           #.........   100%        7    #######
 Summon Horrible Things   Summ           #.........   100%        8    #######


Dungeon Overview and Level Annotations

Branches:
Dungeon (15/15)            Temple (0/1) D:4            Lair (6/6) D:9
 Shoals (0/4) Lair:3        Snake (4/4) Lair:4        Slime (0/5) Lair:6
    Orc (2/2) D:10            Elf (0/3) Orc:2        Depths (0/5) D:15
Ossuary (visited)          Bailey (visited)
 Vaults: D:13-14

Altars:
Dithmenos
Fedhas
Gozag
Makhleb
Nemelex Xobeh
Okawaru
Qazlal
Ru
Sif Muna
Trog
Uskayaw
Wu Jian
Xom
Yredelemnul
Zin
Beogh
Jiyva

Shops:
D:7 %   D:8 [   D:9 }   D:10 (   Orc:2 !(*(

Annotations:
D:10 6 runed translucent doors
Snake:4 Mara


Message History

Oruk hits Mara from afar with a +3 halberd!
You miss MoonlitKnight's illusion. You slash Mara!
You feel sick. MoonlitKnight's illusion hits you!! Mara gestures at you.
You are unaffected.
Mara hits you from afar with a +0 demon trident of venom.
Mara blinks!
You miss MoonlitKnight's illusion.
You feel sick. MoonlitKnight's illusion hits you!!
* * * LOW HITPOINT WARNING * * *
Mara barely misses you.
You feel better.
Mara hits your orc knight with a +0 demon trident of venom!!
Mara hits you from afar with a +0 demon trident of venom!
* * * LOW HITPOINT WARNING * * *
Wardok hits Mara from afar with a +3 vampiric halberd!!
Your orc knight hits Mara with a +0 dire flail!!!
MoonlitKnight's illusion hits you!!!
You die...
Beogh appreciates MoonlitKnight's illusion's killing of a heretic priest.

......###....^.
..[....##..##### .#
.).........# ..#
...........# ...#
)))........##+######...#
.).....................#
...........Roo.........#
.......###...o.@.......#
.....### #...)..@§R....#
....## ##............#
...## #......R.....#
...## #............##
...o## ........####..#
.....##..####.### #.#
#####.### ### .# ### #


You could see 3 Maras, MoonlitKnight's illusion, the friendly Oruk the orc
warlord, a friendly orc knight and the friendly Wardok the orc knight.

Vanquished Creatures
  Agnes (D:15)
  Nessos (D:15)
  5 naga warriors
  5 hydras
  Fannar (Lair:3)
  A centaur warrior (D:15)
  4 anacondas
  5 two-headed ogres
  2 ogre magi
  3 death yaks (Lair:5)
  A tengu warrior (D:10)
  2 naga sharpshooters (Snake:3)
  2 orc high priests (Orc:2)
  Nergalle (Lair:3)
  6 shock serpents
  2 skeletal warriors (D:15)
  A salamander mystic (Snake:3)
  5 naga ritualists
  A deep troll (Orc:2)
  4 unseen horrors
  An orc knight (Orc:1)
  A harpy (shapeshifter) (D:15)
  3 ugly things (D:15)
  4 mana vipers
  2 deep elf magi
  3 cyclopes
  4 manticores
  An elephant (Lair:5)
  A salamander (Snake:3)
  A centaur zombie (D:14)
  27 black mambas
  6 naga magi
  A guardian serpent (shapeshifter) (D:15)
  2 molten gargoyles (Lair:3)
  A torpor snail (Lair:5)
  3 centaur skeletons
  8 spiny frogs
  A gargoyle (D:15)
  2 komodo dragons
  A polar bear (Lair:6)
  2 meliai (Lair:5)
  2 trolls
  A queen bee (Lair:5)
  7 blink frogs
  2 slime creatures (D:12)
  3 hippogriffs
  A redback (D:13)
  A vampire (D:15)
  32 yaks
  A wyvern (Lair:6)
  A hungry ghost (D:7)
  Eustachio (D:6)
  2 basilisks
  A hog (Snake:3)
  8 vampire mosquitoes
  27 nagas
  2 wargs
  An acid dragon (D:12)
  A soldier ant (D:14)
  Duvessa (D:7)
  8 porcupines
  13 water moccasins
  4 ice beasts
  4 phantoms
  7 sky beasts
  8 orc warriors
  2 black bears
  6 ogres
  2 boggarts (D:12)
  2 centaurs
  2 necrophages
  22 wolves
  9 crocodiles
  A big kobold (D:9)
  8 gnoll sergeants (Bailey)
  13 bullfrogs
  Dowan (D:7)
  3 scorpions
  16 killer bees
  A wight (D:11)
  2 howler monkeys
  3 electric eels
  4 crimson imps
  A bullfrog zombie (D:9)
  3 lava snakes (Lair:3)
  4 hounds
  2 quasits
  3 jellies
  5 orc priests
  A bullfrog skeleton (D:8)
  7 gnoll shamans
  12 orc wizards
  10 worker ants
  3 hell rats (Lair:5)
  4 iguanas
  Natasha (thrice) (D:2)
  A killer bee zombie (D:5)
  A big kobold zombie (Ossuary)
  A hound skeleton (D:10)
  3 mummies (Ossuary)
  2 worker ant zombies
  26 gnolls
  13 adders
  2 shadow imps
  2 oozes (D:2)
  An adder skeleton (D:9)
  4 worms
  5 leopard geckos
  20 orcs
  16 bats
  5 giant cockroaches
  3 gnoll zombies (Ossuary)
  9 goblins
  9 hobgoblins
  8 jackals
  3 quokkas
  5 ball pythons
  A frilled lizard (D:1)
  4 goblin zombies (Ossuary)
  2 hobgoblin zombies (Ossuary)
  11 kobolds
  4 kobold zombies (Ossuary)
  A leopard gecko skeleton (D:6)
  A quokka zombie (Ossuary)
  6 rats
  3 rat zombies (Ossuary)
  4 fungi
  2 plants
600 creatures vanquished.

Vanquished Creatures (collateral kills)
  Rupert (Lair:6)
  Kirke (Snake:3)
  3 nagarajas
  A frost giant (D:13)
  2 orc warlords
  A dire elephant (D:15)
  An ettin (D:13)
  Snorg (Lair:3)
  Harold (D:8)
  An ogre mage (Orc:2)
  Erolcha (D:11)
  4 naga warriors
  2 hydras
  A catoblepas (D:15)
  A centaur warrior (D:15)
  8 two-headed ogres
  5 death yaks (Lair:5)
  6 anacondas
  An orc high priest (Orc:1)
  7 shock serpents
  6 naga sharpshooters
  7 skeletal warriors
  A salamander mystic (Snake:4)
  2 unseen horrors
  A deep troll (Orc:2)
  2 lindwurms (Lair:5)
  A naga ritualist (Snake:3)
  2 mana vipers (Snake:3)
  A wolf spider (D:15)
  9 ugly things
  An orc sorcerer (Orc:2)
  11 salamanders
  2 cyclopes (Orc:2)
  3 manticores
  2 elephants (Lair:5)
  6 naga magi
  16 black mambas
  Psyche (D:8)
  10 spiny frogs
  2 centaur skeletons (D:14)
  A gargoyle (D:14)
  5 rime drakes
  A kobold demonologist (D:14)
  An efreet (D:15)
  7 komodo dragons
  A yaktaur (D:15)
  10 trolls
  A wind drake (shapeshifter) (D:12)
  A merfolk (D:15)
  A meliai (Lair:5)
  A polar bear (Lair:6)
  The ghost of Zirch the Slasher, an amateur MiGl (D:15)
  Prince Ribbit (D:8)
  14 blink frogs
  4 hippogriffs
  4 slime creatures
  2 basilisks
  A wyvern (D:13)
  A vampire (D:11)
  27 yaks
  2 wraiths
  A hungry ghost (D:9)
  Grum (D:9)
  6 vampire mosquitoes
  14 nagas
  3 wargs
  6 porcupines
  4 water moccasins
  A sky beast (D:10)
  An ice beast (D:14)
  13 orc warriors
  17 ogres
  2 phantoms
  2 boggarts (D:12)
  2 black bears
  22 wolves
  An eye of draining (D:15)
  4 crocodiles
  A wyvern zombie (D:14)
  7 bullfrogs
  A wyvern skeleton (D:14)
  A water moccasin skeleton (D:8)
  A scorpion (D:11)
  24 killer bees
  2 howler monkeys
  11 wights
  An electric eel (Lair:4)
  2 lava snakes (Lair:3)
  3 crimson imps
  A bullfrog skeleton (D:11)
  A hound (D:8)
  4 orc priests
  3 orc wizards
  2 iguanas
  2 worker ants
  A hound skeleton (D:11)
  An adder (D:9)
  2 shadow imps
  A leopard gecko (D:11)
  9 orcs
  A quokka (D:8)
  2 bats (D:11)
  3 kobolds (D:9)
  A bush (Lair:6)
  21 fungi
  39 plants
470 creatures vanquished.

Vanquished Creatures (others)
  An orc warlord (Snake:3)
  2 orc high priests
  A naga warrior (Snake:3)
  An orc sorcerer (Lair:6)
  8 orc priests
  A mana viper (Snake:3)
  9 orc knights
  10 orc warriors
  A torpor snail (Lair:6)
  A human (Snake:3)
  13 orc wizards
  42 orcs
  A kobold (D:3)
  2 fungi
  8 plants
101 creatures vanquished.

Grand Total: 1171 creatures vanquished

Notes
Turn   | Place    | Note
-------+----------+-------------------------------------------
     0 | D:1      | MoonlitKnight the Hill Orc Fighter began the quest for the
                  | Orb.
     0 | D:1      | Reached XP level 1. HP: 19/19 MP: 1/1
    89 | D:1      | Reached skill level 3 in Axes
   149 | D:1      | Reached XP level 2. HP: 27/27 MP: 2/2
   330 | D:1      | Reached XP level 3. HP: 31/33 MP: 3/3
   777 | D:2      | Reached skill level 4 in Axes
   819 | D:2      | Noticed Natasha
   822 | D:2      | Killed Natasha
   822 | D:2      | Reached XP level 4. HP: 40/40 MP: 4/4
   831 | D:2      | Found a basalt altar of Yredelemnul.
  1280 | D:2      | Reached XP level 5. HP: 44/47 MP: 5/5
  1303 | D:2      | You fall into a shaft and drop 2 floors!
  1351 | D:3      | Reached skill level 5 in Axes
  1430 | D:3      | Reached XP level 6. HP: 47/53 MP: 6/6
  1472 | D:3      | Found a shimmering altar of Xom.
  1766 | D:2      | Noticed Natasha
  1772 | D:2      | Killed Natasha
  1861 | D:2      | Noticed Natasha
  1868 | D:2      | Killed Natasha
  1868 | D:2      | Reached skill level 5 in Fighting
  2021 | D:3      | Became a worshipper of Beogh the Brigand
  2182 | D:3      | You fall into a shaft and drop 1 floor!
  2207 | D:4      | Reached skill level 6 in Axes
  2565 | D:4      | Found an iron altar of Okawaru.
  2642 | D:4      | Found a staircase to the Ecumenical Temple.
  2810 | D:4      | Reached XP level 7. HP: 37/61 MP: 7/7
  3333 | D:5      | Entered Level 5 of the Dungeon
  3367 | D:5      | Found a sand-covered staircase.
  3374 | Ossuary  | Entered an ossuary
  3383 | Ossuary  | Reached skill level 5 in Shields
  3569 | Ossuary  | Reached skill level 5 in Armour
  3586 | Ossuary  | Reached * piety under Beogh
  3721 | D:5      | Reached skill level 7 in Axes
  4144 | D:5      | Reached XP level 8. HP: 51/68 MP: 8/8
  4278 | D:5      | Found a sacrificial altar of Ru.
  4454 | D:5      | Found a bloodstained altar of Trog.
  4567 | D:5      | Reached skill level 8 in Axes
  4637 | D:5      | Found an ornate altar of the Wu Jian Council.
  4642 | D:5      | Reached ** piety under Beogh
  4799 | D:6      | Found a stormy altar of Qazlal.
  5140 | D:6      | Found a glowing silver altar of Zin.
  5220 | D:6      | Found a sparkling altar of Nemelex Xobeh.
  5389 | D:6      | Noticed Eustachio
  5431 | D:6      | Killed Eustachio
  5431 | D:6      | Reached skill level 9 in Axes
  5751 | D:7      | Reached XP level 9. HP: 77/77 MP: 9/9
  5764 | D:7      | HP: 2/77 [ogre/+0 giant spiked club (27)]
  6110 | D:7      | Found a shimmering blue altar of Sif Muna.
  6191 | D:7      | Reached skill level 10 in Axes
  6197 | D:7      | Found Fegy's Food Shop.
  6406 | D:7      | Noticed Duvessa
  6409 | D:7      | Noticed Dowan
  6426 | D:7      | Killed Duvessa
  6438 | D:7      | Killed Dowan
  6707 | D:7      | Reached *** piety under Beogh
  6730 | D:7      | Found a hide-covered altar of Uskayaw.
  6970 | D:8      | Reached skill level 11 in Axes
  7368 | D:8      | Found an opulent altar of Gozag.
  7396 | D:8      | Found Koda's Antique Armour Shop.
  7495 | D:8      | Noticed a two-headed ogre
  7502 | D:8      | Killed a two-headed ogre
  7502 | D:8      | Reached XP level 10. HP: 46/88 MP: 10/10
  7755 | D:8      | Noticed Prince Ribbit
  7763 | D:8      | Killed Prince Ribbit
  7769 | D:8      | Noticed Harold
  7785 | D:8      | Killed Harold
  7785 | D:8      | Reached skill level 12 in Axes
  8012 | D:8      | Noticed Psyche
  8021 | D:8      | Killed Psyche
  8737 | D:9      | Found Uzalah's Gadget Shop.
  8756 | D:9      | Reached **** piety under Beogh
  8907 | D:9      | Found a burning altar of Makhleb.
  8907 | D:9      | Noticed a balrug
  8910 | D:9      | Noticed an orange demon
  8910 | D:9      | Noticed a smoke demon
  9060 | D:9      | Noticed Grum
  9069 | D:9      | Killed Grum
  9069 | D:9      | Reached skill level 13 in Axes
  9248 | D:9      | Found a shadowy altar of Dithmenos.
  9377 | D:9      | Found a staircase to the Lair.
  9686 | D:10     | Entered Level 10 of the Dungeon
  9729 | D:10     | Reached XP level 11. HP: 92/95 MP: 11/11
  9884 | D:10     | Found Uwoy's Antique Weapon Boutique.
  9990 | D:10     | Reached skill level 1 in Invocations
 10033 | D:10     | Noticed a two-headed ogre
 10038 | D:10     | Killed a two-headed ogre
 10039 | D:10     | Found a huge runed translucent gate.
 10039 | D:10     | Found a huge runed translucent gate.
 10039 | D:10     | Found a huge runed translucent gate.
 10039 | D:10     | Found a huge runed translucent gate.
 10039 | D:10     | Noticed a manticore
 10039 | D:10     | Noticed a manticore
 10151 | D:10     | Noticed a two-headed ogre
 10159 | D:10     | Killed a two-headed ogre
 10201 | D:10     | Found a large runed translucent door.
 10201 | D:10     | Found a large runed translucent door.
 10226 | D:10     | Found a staircase to the Orcish Mines.
 10698 | D:10     | Noticed a tengu warrior
 10716 | D:10     | Killed a tengu warrior
 10716 | D:10     | Reached skill level 10 in Fighting
 10778 | D:11     | Noticed Erolcha
 10787 | D:11     | Reached skill level 14 in Axes
 10788 | D:11     | Killed Erolcha
 10797 | D:11     | Noticed a manticore
 10806 | D:11     | Killed a manticore
 11052 | D:11     | Noticed a two-headed ogre
 11061 | D:11     | Killed a two-headed ogre
 11385 | D:11     | Noticed an unseen horror
 11386 | D:11     | Killed an unseen horror
 11406 | D:11     | Noticed an unseen horror
 11409 | D:11     | Noticed an unseen horror
 11409 | D:11     | Noticed an unseen horror
 11412 | D:11     | Reached ***** piety under Beogh
 11419 | D:11     | Killed an unseen horror
 11419 | D:11     | Killed an unseen horror
 11419 | D:11     | Reached skill level 5 in Invocations
 11419 | D:11     | Reached XP level 12. HP: 33/106 MP: 11/15
 11423 | D:11     | Gained Orgrim as an ally
 11751 | D:11     | Reached skill level 15 in Axes
 12304 | Lair:1   | Entered Level 1 of the Lair of Beasts
 12336 | Lair:1   | Reached skill level 10 in Armour
 12665 | Lair:1   | Found a gate leading to a gauntlet.
 13599 | Lair:2   | Reached skill level 16 in Axes
 13899 | Lair:2   | Noticed a four-headed hydra
 13905 | Lair:2   | Killed a five-headed hydra
 14709 | Lair:3   | Reached XP level 13. HP: 105/115 MP: 18/18
 14800 | Lair:3   | Noticed Nergalle
 14808 | Lair:3   | Killed Nergalle
 15111 | Lair:3   | Gained Spirok as an ally
 15197 | Lair:3   | Noticed Snorg
 15206 | Lair:3   | Killed Snorg
 15405 | Lair:3   | Noticed Fannar
 15415 | Lair:3   | Gained Brunolf as an ally
 15416 | Lair:3   | Killed Fannar
 15416 | Lair:3   | Reached skill level 17 in Axes
 15653 | Lair:3   | Found a staircase to the Shoals.
 16244 | Lair:4   | Found a staircase to the Snake Pit.
 16282 | Lair:4   | Gained Syrus as an ally
 16834 | Lair:5   | Upgraded the game from 0.25-a0-290-g4a1327ee3a to
                  | 0.25-a0-292-gaa31f046c4
 17027 | Lair:5   | Reached skill level 18 in Axes
 17277 | Lair:5   | Reached ****** piety under Beogh
 17351 | Lair:5   | Reached skill level 10 in Invocations
 17359 | Lair:5   | Reached XP level 14. HP: 109/125 MP: 21/21
 17429 | Lair:5   | Gained Harm as an ally
 17461 | Lair:5   | Gained Bolgrim as an ally
 17513 | Lair:5   | Identified the Papyrus of Congealing Feathers
 17923 | Lair:5   | Your ally Bolgrim died
 18480 | Orc:1    | Entered Level 1 of the Orcish Mines
 18597 | Orc:1    | Noticed an orc warlord
 18609 | Orc:1    | Killed an orc warlord
 19915 | Orc:1    | Found a roughly hewn altar of Beogh.
 20228 | Orc:2    | Entered Level 2 of the Orcish Mines
 20234 | Orc:2    | Noticed an orc warlord
 20244 | Orc:2    | Killed an orc warlord
 20590 | Orc:2    | Found a staircase to the Elven Halls.
 20622 | Orc:2    | Reached skill level 19 in Axes
 20864 | Orc:2    | Found Junnyt's Weapon Emporium.
 20867 | Orc:2    | Found Pehud's General Store.
 20885 | Orc:2    | Gained Olfik as an ally
 20892 | Orc:2    | Found Viddo's Antique Weapon Boutique.
 21228 | Orc:2    | Bought a +1 halberd of protection for 129 gold pieces
 21243 | Orc:2    | Found Feannoba's Distillery.
 21655 | Lair:6   | Entered Level 6 of the Lair of Beasts
 22138 | Lair:6   | Found a viscous altar of Jiyva.
 22159 | Lair:6   | Found a staircase to the Slime Pits.
 22173 | Lair:6   | Reached XP level 15. HP: 131/137 MP: 23/23
 22427 | Lair:6   | Your ally Orgrim died
 22429 | Lair:6   | Your ally Brunolf died
 22429 | Lair:6   | Killed Rupert
 23277 | D:12     | Found a flagged portal.
 23305 | Bailey   | Entered a bailey
 23569 | Bailey   | Reached skill level 20 in Axes
 24349 | D:13     | Found a blossoming altar of Fedhas.
 24349 | D:13     | Found a stormy altar of Qazlal.
 24356 | D:13     | Noticed a frost giant
 24368 | D:13     | Killed a frost giant
 24808 | D:13     | You fall into a shaft and drop 1 floor!
 24823 | D:14     | Gained Ortolf as an ally
 24834 | D:14     | Your ally Ortolf died
 24948 | D:14     | Identified a scroll of acquirement
 24955 | D:14     | Got an encrusted executioner's axe
 24956 | D:14     | Identified the +9 executioner's axe of Destruction {chop,
                  | rN+ Dex-2 SInv} (You acquired it on level 14 of the
                  | Dungeon)
 25814 | D:15     | Entered Level 15 of the Dungeon
 25949 | D:15     | Gained Arkwar as an ally
 25966 | D:15     | Gained Bogbarth as an ally
 26074 | D:15     | Noticed Agnes
 26083 | D:15     | Killed Agnes
 26189 | D:15     | Your ally Ortolf died
 26651 | D:15     | Reached skill level 15 in Fighting
 27135 | D:15     | Your ally Arkwar died
 27231 | D:15     | Noticed Nessos
 27239 | D:15     | Killed Nessos
 27487 | D:15     | Found a staircase to the Depths.
 27497 | D:15     | Your ally Syrus died
 27502 | D:15     | Reached XP level 16. HP: 26/149 MP: 22/26
 28081 | D:15     | Found a large runed translucent door.
 28081 | D:15     | Found a large runed translucent door.
 28083 | D:15     | Noticed Zirch's ghost (amateur MiGl)
 28088 | D:15     | Killed Zirch's ghost
 28343 | Snake:1  | Entered Level 1 of the Snake Pit
 29570 | Snake:2  | Noticed a nagaraja
 29577 | Snake:2  | Killed a nagaraja
 30381 | Snake:2  | Killed a nagaraja
 30846 | Snake:2  | Reached skill level 21 in Axes
 31377 | Snake:3  | Noticed Kirke
 31381 | Snake:3  | Killed Kirke
 31696 | Snake:3  | Reached skill level 15 in Armour
 32292 | Snake:3  | Reached skill level 15 in Invocations
 32819 | Snake:3  | HP: 7/149 [naga sharpshooter/arrow (10)]
 33746 | Snake:3  | Your ally Harm died
 33750 | Snake:3  | Your ally Bogbarth died
 34392 | Snake:3  | Reached XP level 17. HP: 133/156 MP: 28/28
 34416 | Snake:3  | HP: 5/156 [shock serpent (14)]
 34417 | Snake:3  | Gained Wardok as an ally
 34417 | Snake:3  | HP: 1/156 [something (4)]
 34425 | Snake:3  | HP: 1/156 [poisoned by a black mamba]
 35144 | Snake:4  | Entered Level 4 of the Snake Pit
 35155 | Snake:4  | Your ally Olfik died
 35175 | Snake:4  | Your ally Spirok died
 35211 | Snake:4  | Reached skill level 22 in Axes
 36241 | Snake:4  | Gained Oruk as an ally
 36934 | D:8      | Bought a translucent helmet for 266 gold pieces
 36944 | D:8      | Identified the cursed +0 helmet "Tenupuyr" {Int+4} (You
                  | bought it in a shop on level 8 of the Dungeon)
 36945 | D:8      | Bought a pair of embroidered gloves for 210 gold pieces
 37326 | Snake:4  | Noticed Mara
 37333 | Snake:4  | Noticed MoonlitKnight's illusion
 37339 | Snake:4  | Slain by MoonlitKnight's illusion (illusionary)

Levels and vault maps discovered:
D:1:      dpeg_arrival_simpleton_b, layout_loops_ring
D:2:      layout_basic, overflow_temple_1_default,
          hangedman_decor_diamond_cutter, uniq_natasha
D:3:      layout_loops_ring, overflow_temple_1_default
D:4:      layout_basic, minmay_temple_entry_statues_pillars, kennysheep_doodads,
          okawaru_gym_becter
D:5:      layout_basic, marbit_many_paths, nicolae_ru_the_path_less_chosen,
          lemuel_crystal_altar, first_ration, nicolae_ossuary_entry_ruins
D:6:      minmay_klotski, layout_rooms, nemelex_altar_shiori,
          old_standard_altar, zin_treasury, uniq_eustachio
D:7:      layout_gridville, kennysheep_little_box, lemuel_doored_altar,
          serial_shops, shop_statue, uniq_duvessa
D:8:      minmay_recursive_quarters, layout_rooms,
          nicolae_gozag_cash_rules_everything_around_me, serial_shops, shop,
          uniq_harold, uniq_psyche, uniq_prince_ribbit1
D:9:      layout_loops_cross, makhleb_altar_promises_db,
          nicolae_dithmenos_the_darkroom, grunt_lair_entry_orc_guard_hut,
          serial_shops, nicolae_shop_temple_entry_statues_fountains, uniq_grum
D:10:     lemuel_bear_cage, layout_long_grid, minmay_orc_entry_guard_dogs,
          serial_shops, shop, grunt_tengu_nest, lightli_elemental_guards
D:11:     layout_long_grid, minmay_misc_feat_chi, hangedman_batty, uniq_erolcha
D:12:     layout_cave_pods, enter_bailey_2, serial_rivers,
          chequers_serial_rivers_marsh, chequers_serial_rivers_micro_b,
          chequers_serial_rivers_micro_a, chequers_serial_rivers_micro_b,
          chequers_serial_rivers_micro_e, chequers_serial_rivers_marsh
D:13:     layout_loops_ring, skrybe_vaults_entry_preservation,
          jmf_multi_god_temple
D:14:     layout_roguey, serial_glass, glass_columns_b, glass_columns_a,
          glass_columns_a, glass_columns_c, minivault_11
D:15:     hangedman_depths_entry_try_elsewhere_first, layout_irregular_city,
          ebering_ghost_disaster_area, nrook_campfire,
          minmay_the_grid_square_5x5_3x3_mashed
          [minmay_the_grid_square_5x5_checkered_statues,
          minmay_the_grid_square_5x5_plus, minmay_the_grid_square_5x5_checkered,
          minmay_the_grid_square_5x5_one_wall,
          minmay_the_grid_square_5x5_megaprize_hollow,
          minmay_the_grid_square_5x5_seven, minmay_the_grid_square_5x5_z,
          minmay_the_grid_square_5x5_lines,
          minmay_the_grid_square_5x5_two_walls_b], uniq_nessos, uniq_agnes
Lair:1:   layout_regular_city, gauntlet_entry_generic, serial_bayou_shore_b
Lair:2:   layout_regular_city
Lair:3:   cheibrodos_magma_flow, layout_long_grid, elwin_shoals_entry_rooms,
          uniq_fannar, uniq_nergalle, uniq_snorg
Lair:4:   layout_hall_layers, minmay_snake_entry_guardpost_small,
          grunt_forest_large_clearings, serial_bayou_shore_a
Lair:5:   regret_index_wax_grids, layout_hall_layers,
          hangedman_lair_generics_rect, lemuel_fruit_tree, grunt_megastairs_2
Lair:6:   due_jungle_book, layout_gridlike, slime_altar_1,
          serial_bayou_crossing, uniq_rupert
Snake:1:  layout_cave_shapes
Snake:2:  layout_concentric_octagons, grunt_ministairs_1,
          nicolae_snake_squiggles, serial_bayou_shore_b
Snake:3:  kennysheep_snake, layout_basic, uniq_kirke
Snake:4:  snake_pit, layout_cave_town, uniq_vashnia, uniq_mara
Orc:1:    orc_temple, layout_caves, uniq_urug
Orc:2:    st_orc_open, layout_caves

Skill      XL: |  1  2  3  4  5  6  7  8  9 10 11 12 13 14 15 16 17 |
---------------+----------------------------------------------------+-----
Axes           | 3 4 5 6 7 9 11 13 14 16 18 19 20 21 22 | 22.3
Fighting       | 4 5 7 8 9 10 11 12 13 15 | 15.0
Armour         | 4 5 6 7 8 9 10 11 12 14 15 | 15.0
Shields        | 4 5 6 7 8 9 |  9.4
Invocations    | 5 7 10 11 13 15 16 | 16.7

Action                   |  1- 3 |  4- 6 |  7- 9 | 10-12 | 13-15 | 16-18 || total
-------------------------+-------+-------+-------+-------+-------+-------++-------
Melee: War axe           |   101 |   205 |   423 |   275 |       |       ||  1004
       Battleaxe         |       |       |       |   171 |   518 |       ||   689
       Executioner's axe |       |       |       |       |   112 |   339 ||   451
Throw: Javelin           |       |       |     3 |       |       |       ||     3
Invok: Convert to Beogh  |       |     1 |       |       |       |       ||     1
       Smiting           |       |       |     3 |     4 |    24 |     2 ||    33
       Recall Orcish Fol |       |       |       |     3 |    24 |     9 ||    36
       Give Item to Name |       |       |       |       |     6 |     3 ||     9
       Resurrection      |       |       |       |       |     2 |       ||     2
  Use: Scroll            |       |       |     7 |    15 |    12 |     1 ||    35
       Potion            |       |       |       |     1 |     6 |     5 ||    12
 Stab: Distracted        |       |       |       |     3 |     7 |       ||    10
  Eat: Chunk             |       |     7 |    11 |    19 |    17 |     5 ||    59
       Ration            |       |       |     2 |     2 |     7 |     8 ||    19
Armor: Scale mail        |    70 |     9 |       |       |       |       ||    79
       Plate armour      |       |   110 |    62 |    32 |   408 |       ||   612
       Chain mail        |       |       |   226 |   168 |       |       ||   394
       Pearl dragon scal |       |       |       |       |    21 |   214 ||   235
       Skin              |       |       |       |       |       |     1 ||     1
Dodge: Dodged            |    46 |    24 |   101 |   151 |   421 |   246 ||   989
Block: Shield            |    68 |    85 |   260 |   153 |       |       ||   566

Table legend:
 A = Non-vault XP
 B = Vault XP
 C = Vault XP percentage of total XP
 D = Non-vault monster count
 E = Vault monster count
 F = Vault count percentage of total count
                 A         B        C        D         E       F
            +---------+---------+-------+---------+---------+-------
      Total |  127223 |   72067 |  36.2 |     702 |     303 |  30.1
            +---------+---------+-------+---------+---------+-------
        D:1 |      48 |       0 |   0.0 |      30 |       0 |   0.0
        D:2 |     160 |      35 |  17.9 |      29 |       1 |   3.3
        D:3 |     215 |       0 |   0.0 |      22 |       0 |   0.0
        D:4 |     171 |       0 |   0.0 |       8 |       0 |   0.0
        D:5 |     866 |      16 |   1.8 |      20 |       1 |   4.8
        D:6 |     485 |     191 |  28.3 |      15 |       1 |   6.2
        D:7 |    1280 |     226 |  15.0 |      31 |       2 |   6.1
        D:8 |    1010 |    2031 |  66.8 |      25 |       8 |  24.2
        D:9 |    1389 |     853 |  38.0 |      23 |       8 |  25.8
       D:10 |    2603 |    1022 |  28.2 |      15 |       4 |  21.1
       D:11 |    3213 |    4019 |  55.6 |      28 |      14 |  33.3
       D:12 |    4346 |       0 |   0.0 |      38 |       0 |   0.0
       D:13 |     783 |    2203 |  73.8 |       7 |       4 |  36.4
       D:14 |    9088 |       0 |   0.0 |      45 |       0 |   0.0
       D:15 |   13651 |    8493 |  38.4 |      35 |      19 |  35.2
     Lair:1 |    3912 |       0 |   0.0 |      24 |       0 |   0.0
     Lair:2 |    7971 |       0 |   0.0 |      40 |       0 |   0.0
     Lair:3 |    5109 |    3460 |  40.4 |      29 |      10 |  25.6
     Lair:4 |    2832 |    2386 |  45.7 |      22 |      28 |  56.0
     Lair:5 |    5968 |    9880 |  62.3 |      15 |      61 |  80.3
     Lair:6 |    9201 |    1415 |  13.3 |      47 |       1 |   2.1
    Snake:1 |    2609 |       0 |   0.0 |       7 |       0 |   0.0
    Snake:2 |   17837 |     613 |   3.3 |      39 |       1 |   2.5
    Snake:3 |   13688 |   19873 |  59.2 |      37 |      36 |  49.3
    Snake:4 |   13317 |     808 |   5.7 |      37 |       3 |   7.5
      Orc:1 |     355 |    2978 |  89.3 |       6 |      13 |  68.4
      Orc:2 |    5116 |   10303 |  66.8 |      28 |      37 |  56.9
    Ossuary |       0 |      98 | 100.0 |       0 |      21 | 100.0
     Bailey |       0 |    1164 | 100.0 |       0 |      30 | 100.0
            +---------+---------+-------+---------+---------+-------
